 Dungeon Crawl Stone Soup version 0.30-a0-953-g5f1da4a474 (webtiles) character file.

Game seed: 4214849850265923855

536 MachoJfn the Stinger (level 7, -4/47 HPs)
             Began as a Demonspawn Venom Mage on Mar 28, 2023.
             Killed by nerve-wracking pain
             ... invoked by an orc priest
              (7 damage)
             ... on level 5 of the Dungeon.
             The game lasted 00:21:18 (5386 turns).

MachoJfn the Stinger (Demonspawn Venom Mage)        Turns: 5386, Time: 00:21:19

Health: -4/47      AC:  6    Str:  8    XL:     7   Next: 4%
Magic:  12/12      EV: 17    Int: 18    God:
Gold:   334        SH:  0    Dex: 14    Spells: 5/13 levels left

rFire   . . .      SeeInvis .    e - +2 hand axe (freeze)
rCold   + + .      Faith    .    (no shield)
rNeg    . . .      Spirit   .    a - +0 robe
rPois   +          Reflect  .    (helmet restricted)
rElec   .          Rampage  .    f - +0 cloak
rCorr   .                        k - +1 pair of gloves
Will    .....                    q - +0 pair of boots
Stlth   ++                       w - amulet of magic regeneration
HPRegen 0.27/turn                c - +5 ring of evasion
MPRegen 0.53/turn                D - ring of Uvosteun {*Slow rPois rC++}

@: mighty
A: horns 1, powered by pain 1, spiny 1
a: no special abilities


You were on level 5 of the Dungeon.
You visited 1 branch of the dungeon, and saw 5 of its levels.

You collected 334 gold pieces.

Inventory:

Hand Weapons
 d - a +3 vampiric dagger
 e - a +2 hand axe of freezing (weapon)
Missiles
 g - 34 stones
 j - a throwing net
 v - 3 boomerangs
Armour
 a - a +0 robe (worn)
 f - a +0 cloak (worn)
 k - a +1 pair of gloves (worn)
 q - a +0 pair of boots (worn)
 C - the +1 ring mail "Tietimit" {rElec}
   (You found it on level 4 of the Dungeon)

   rElec:     It insulates you from electricity.
Magical Staves
 m - a staff of fire
Jewellery
 b - a ring of protection from fire
 c - a +5 ring of evasion (left hand)
 r - an amulet of faith
 w - an amulet of magic regeneration (around neck)
 D - the ring of Uvosteun (right hand) {*Slow rPois rC++}
   (You found it on level 2 of the Dungeon)

   [ring of poison resistance]

   rC:        It greatly protects you from cold.
   rPois:     It protects you from poison.
   *Slow:     It may slow you when you take damage.
Wands
 z - a wand of flame (10)
Scrolls
 i - 2 scrolls of amnesia
 l - 2 scrolls of poison
 t - 2 scrolls of identify
 u - a scroll of fear
 y - 3 scrolls of teleportation
Potions
 h - 2 potions of brilliance
 n - a potion of mutation
 s - 3 potions of might


   Skills:
 + Level 0.8 Fighting
 + Level 2.1 Axes
 + Level 2.6 Dodging
 + Level 2.1 Stealth
 + Level 3.7 Spellcasting
 + Level 1.1 Transmutations
 + Level 2.9 Air Magic
 + Level 4.6 Poison Magic


You had 5 spell levels left.
You knew the following spells:

 Your Spells              Type           Power      Damage    Failure   Level
a - Sting                 Tmut/Pois      52%        1d5       4%          1
b - Poisonous Vapours     Pois/Air       34%        N/A       4%          2
c - Passwall              Tmut/Erth      4%         N/A       19%         2
d - Mephitic Cloud        Conj/Pois/Air  12%        N/A       16%         3

Your spell library contained the following spells:

 Spells                   Type           Power      Damage    Failure   Level
 Swiftness                Air            14%        N/A       13%         3
 Apportation              Tloc           6%         N/A       16%         1
 Necrotise                Necr           12%        1d4       16%         1
 Summon Small Mammal      Summ           12%        N/A       16%         1
 Blink                    Tloc           6%         N/A       22%         2
 Ensorcelled Hibernation  Hex/Ice        6%         N/A       22%         2
 Olgreb's Toxic Radiance  Pois           20%        N/A       22%         4
 Gell's Gravitas          Tloc           3%         N/A       41%         3
 Teleport Other           Tloc           3%         N/A       41%         3
 Manifold Assault         Tloc           3%         N/A       83%         4
 Iskenderun's Battlesphe  Conj           3%         2d6       99%         5
 Dispersal                Tloc           1%         N/A       100%        6
 Iron Shot                Conj/Erth      1%         9d1       100%        6
 Spellforged Servitor     Conj/Summ      1%         N/A       100%        7
 Storm Form               Tmut/Air       5%         N/A       100%        7


Dungeon Overview and Level Annotations

Branches:
Dungeon (5/15)
 Temple: D:4-7

Altars:
Ru


Innate Abilities, Weirdness & Mutations

You have a pair of small horns on your head.
You sometimes gain a little power by taking damage.
You are partially covered in sharp spines.


Message History

A pair of horns grows on your head!
You feel much better. The orc hits you but does no damage.
Casting: Poisonous Vapours (safe; 4% risk of failure)
Confirm with . or Enter, or press ? or * to list all spells.
Aiming: Poisonous Vapours (safe; 4% risk of failure)
Press: ? - help, Dir - move target, f - orc priest
Aim: an orc priest, wielding a +0 mace and wearing a +0 ring mail Poisonous vapours surround the orc priest!
The orc priest is poisoned.
The orc priest calls down the wrath of Beogh upon you.
Beogh smites you! The orc is struck by your spines. The orc closely misses you.
Casting: Poisonous Vapours (safe; 4% risk of failure)
Confirm with . or Enter, or press ? or * to list all spells.
Aiming: Poisonous Vapours (safe; 4% risk of failure)
Press: ? - help, Dir - move target, f/p - orc priest
Aim: an orc priest, wielding a +0 mace and wearing a +0 ring mail (poisoned) Poisonous vapours surround the orc priest!
The orc priest looks even sicker.
You slash the orc! You freeze the orc.
You kill the orc!
You hit the orc. You freeze the orc. You headbutt the orc.
You kill the orc!
The orc priest invokes the aid of Beogh against you.
Beogh smites you!
Things that are here:
a +0 short sword; an orc corpse You hit the orc priest.
You freeze the orc priest.
The orc priest is severely wounded.
You hit the orc priest. You freeze the orc priest.
The orc priest mumbles some strange prayers to Beogh against you.
Beogh smites you!
* * * LOW HITPOINT WARNING * * *
The orc priest calls down the wrath of Beogh upon you.
Beogh smites you!
* * * LOW HITPOINT WARNING * * *
You feel very mighty all of a sudden. The orc priest barely misses you.
The orc priest calls down the wrath of Beogh upon you.
Pain shoots through your body!
You die...

############
#...........
########.##########
#o@......# #...
#o######## ##... #.
#..>. #. #..<. #.
#.... #. ....#.. #.
######.. #. #.. #..


You could see 2 orc priests.

Vanquished Creatures
  An ice beast (D:5)
  A phantom (D:5)
  2 scorpions
  An orc priest (D:5)
  A hound (D:4)
  A sleepcap (D:4)
  3 gnolls (D:4)
  4 adders
  An ufetubus (D:4)
  A worm (D:2)
  4 dart slugs
  11 orcs
  5 ball pythons
  7 bats
  3 endoplasms
  3 giant cockroaches
  7 goblins
  9 hobgoblins
  3 jackals (D:3)
  4 kobolds
  4 quokkas
  A frilled lizard (D:2)
  9 rats
86 creatures vanquished.

Vanquished Creatures (others)
  An adder (D:5)
  2 fungi (D:4)
  9 plants (D:4)
12 creatures vanquished.

Grand Total: 98 creatures vanquished

Notes
Turn   | Place    | Note
-------+----------+-------------------------------------------
     0 | D:1      | MachoJfn the Demonspawn Venom Mage began the quest for the
                  | Orb.
     0 | D:1      | Reached XP level 1. HP: 13/13 MP: 3/3
    85 | D:1      | Gained mutation: You sometimes gain a little power by
                  | taking damage. [demonic ancestry]
    85 | D:1      | Reached XP level 2. HP: 13/19 MP: 1/5
   149 | D:1      | Learned a level 2 spell: Poisonous Vapours
   428 | D:1      | Reached skill level 1 in Transmutations
  1349 | D:2      | Reached XP level 3. HP: 24/24 MP: 1/6
  1545 | D:2      | Identified the ring of Uvosteun {*Slow rPois rC++}
  1755 | D:2      | Reached skill level 1 in Air Magic
  1840 | D:2      | Noticed a scorpion
  1846 | D:2      | Killed a scorpion
  1847 | D:2      | Reached XP level 4. HP: 27/30 MP: 5/8
  2741 | D:3      | Reached XP level 5. HP: 27/35 MP: 5/9
  3851 | D:4      | Learned a level 2 spell: Passwall
  3926 | D:4      | Reached skill level 4 in Poison Magic
  4035 | D:4      | Reached skill level 1 in Axes
  4069 | D:4      | Learned a level 3 spell: Mephitic Cloud
  4173 | D:4      | Gained mutation: You are partially covered in sharp spines.
                  | [demonic ancestry]
  4173 | D:4      | Reached XP level 6. HP: 40/41 MP: 3/11
  4297 | D:4      | Identified the +1 ring mail "Tietimit" {rElec}
  4618 | D:4      | Found a sacrificial altar of Ru.
  4902 | D:5      | Entered Level 5 of the Dungeon
  4917 | D:5      | Noticed an ice beast
  5260 | D:5      | Killed an ice beast
  5378 | D:5      | Gained mutation: You have a pair of small horns on your
                  | head. [demonic ancestry]
  5378 | D:5      | Reached XP level 7. HP: 26/47 MP: 12/12
  5386 | D:5      | Killed from afar by an orc priest

Illustrated notes

Levels and vault maps discovered:
D:1:      wander_arrival_lonely_grave, layout_rooms
D:2:      kennysheep_six_static_rooms, layout_basic
D:3:      layout_loops_ring
D:4:      layout_loops_ring, nicolae_ru_the_path_less_chosen,
          due_unseen_surprise
D:5:      layout_loops_ring, minmay_temple_entry_grid, kennysheep_pointless_box,
          lemuel_flame_loot_1, uniq_edmund

Skill      XL: |  1  2  3  4  5  6 |
---------------+-------------------+-----
Transmutations | 1 |  1.1
Dodging        | 2 |  2.6
Air Magic      | 1 2 |  2.9
Spellcasting   | 3 |  3.7
Poison Magic   | 4 |  4.6
Axes           | 1 2 |  2.1
Stealth        | 2 |  2.1
Fighting       | |  0.8

Action                     |  1- 3 |  4- 6 |  7- 9 || total
---------------------------+-------+-------+-------++-------
  Melee: Hand axe          |    41 |   129 |     3 ||   173
         Unarmed           |     1 |       |       ||     1
         Headbutt          |       |       |     1 ||     1
   Cast: Sting             |    17 |     7 |       ||    24
         Poisonous Vapours |    34 |    60 |     2 ||    96
         Passwall          |       |     2 |       ||     2
    Use: Scroll            |     8 |     4 |       ||    12
         Potion            |     2 |     3 |     2 ||     7
 Armour: Robe              |     8 |    19 |     1 ||    28
  Dodge: Dodged            |    47 |   128 |     2 ||   177

Table legend: (Time is in decaauts)
 A = Elapsed time spent in this place.
 B = Non-inter-level travel time spent in this place.
 C = Inter-level travel time spent in this place.
 D = Time resting spent in this place.
 E = Time spent auto-exploring this place.
 F = Levels seen in this place.
 G = Mean time per level.
                   A        B        C        D        E       F      G
               +--------+--------+--------+--------+--------+-----+--------+
         Total |   5431 |   4506 |    925 |   1078 |   2566 |   5 | 1086.2 |
       Dungeon |   5431 |   4506 |    925 |   1078 |   2566 |   5 | 1086.2 |
               +--------+--------+--------+--------+--------+-----+--------+

Top non-repeatable levels by time:
     D:4: 1594 daAuts
     D:2: 1468 daAuts
     D:3: 1179 daAuts
     D:1: 961 daAuts
     D:5: 228 daAuts
